 Dungeon Crawl Stone Soup version 0.25.1-2-g60ff931df9 (webtiles) character file.

Game seed: 215428238928159563

687 HawFromDerth the Chiller (level 7, 0/52 HPs)
             Began as a Yellow Draconian Ice Elementalist on Sept 20, 2020.
             Slain by a phantom (2 damage)
             ... on level 4 of the Dungeon.
             The game lasted 00:11:17 (3478 turns).

HawFromDerth the Chiller (DrIE)                     Turns: 3478, Time: 00:11:17

Health: 0/52       AC:  6    Str: 11    XL:     7   Next: 35%
Magic:  9/13       EV: 12    Int: 17    God:
Gold:   114        SH:  0    Dex: 11    Spells: 3/15 levels left

rFire    . . .     SeeInvis .   j - +2 dagger (venom)
rCold    . . .     Gourm    .   (no shield)
rNeg     . . .     Faith    .   (armour unavailable)
rPois    .         Spirit   .   (helmet restricted)
rElec    .         Reflect  .   (no cloak)
rCorr    +         Harm     .   (no gloves)
MR       +....                  (no boots)
Stlth    ++........             h - amulet of magic regeneration
HPRegen  0.17/turn              k - ring of protection from magic
MPRegen  0.38/turn              (no ring)

@: very slightly contaminated
A: spit acid, unfitting armour, cold-blooded, acid resistance, AC +6
a: Breathe Acid


You were on level 4 of the Dungeon.
You were full.

You visited 1 branch of the dungeon, and saw 4 of its levels.

You collected 114 gold pieces.

Inventory:

Hand Weapons
 j - a +2 dagger of venom (weapon)
Jewellery
 h - an amulet of magic regeneration (around neck)
 k - a ring of protection from magic (left hand)
Scrolls
 a - 2 scrolls of enchant armour
 i - a scroll of fear
Potions
 g - a potion of haste
Comestibles
 b - 5 rations


   Skills:
 + Level 1.1 Fighting
 + Level 1.3 Short Blades
 + Level 2.3 Dodging
 + Level 2.2 Stealth
 + Level 4.5 Spellcasting
 * Level 7.1 Ice Magic


You had 3 spell levels left.
You knew the following spells:

 Your Spells              Type           Power        Failure   Level  Hunger
a - Freeze                Ice            ####         1%          1    None
b - Frozen Ramparts       Ice            ####..       2%          3    ###....
c - Hailstorm             Conj/Ice       ###.....     34%         4    ####...
d - Summon Ice Beast      Ice/Summ       ###.....     34%         4    ####...

Your spell library contained the following spells:

 Spells                   Type           Power        Failure   Level  Hunger
 Ozocubu's Armour         Chrm/Ice       ###.....     11%         3    ###....


Dungeon Overview and Level Annotations

Branches:
Dungeon (4/15)
 Temple: D:4-7

Altars:
Fedhas


Innate Abilities, Weirdness & Mutations

You can spit globs of acid.
Your golden yellow scales are hard. (AC +6)
You cannot fit into any form of body armour.
You are cold-blooded and may be slowed by cold attacks.
You are resistant to acid. (rCorr)


Message History

A phantom is nearby!
The phantom blinks!
Found an escape hatch in the floor.
This spell is quite dangerous to cast!
Memorise Summon Ice Beast, consuming 4 spell levels and leaving 3?
You start memorising the spell.
You continue memorising. x2
The phantom blinks!
You continue memorising. x2
You finish memorising.
Spell assigned to 'd'.
Casting: Freeze (safe; 1% risk of failure)
Confirm with . or Enter, or press ? or * to list all spells.
The spell is quite dangerous to cast (34% risk of failure)!
Continue anyway?
You miscast Summon Ice Beast.
You are very lightly contaminated with residual magic.
A chill runs through your body!
* * * LOW HITPOINT WARNING * * *
The phantom completely misses you.
Unknown command.
The phantom hits you.
You die...

...........§.#.....#
.........#.......########
#.........#.#...#.#.......
#..........÷#.....#.......
#..........÷#.#...........
#......%.)......##........
#..............###........
#...............#.........
#.......W@#...#.#.#.......
>.......###.#.#.#.#.......
........# #...#.#.##...###
........# #..........###
........# #.........##
........###...†.....#
..........#..#..##..##.
........#.#.###.##...#.
........#.#.# #.#....#.


You could see a phantom.

Vanquished Creatures
  A hippogriff (D:4)
  An ogre (D:3)
  A scorpion (D:3)
  A howler monkey (D:4)
  A hound (D:4)
  2 orc wizards (D:3)
  Natasha (thrice) (D:2)
  2 worker ants (D:4)
  3 adders
  2 oozes
  A worm (D:3)
  2 dart slugs
  3 leopard geckos
  8 orcs
  4 bats
  5 giant cockroaches
  4 goblins
  12 hobgoblins
  6 jackals (D:1)
  5 kobolds
  2 quokkas (D:3)
  5 ball pythons
  2 frilled lizards
  6 rats
82 creatures vanquished.

Vanquished Creatures (others)
  3 toadstools (D:4)
3 creatures vanquished.

Grand Total: 85 creatures vanquished

Notes
Turn   | Place    | Note
-------+----------+-------------------------------------------
     0 | D:1      | HawFromDerth the Draconian Ice Elementalist began the quest
                  | for the Orb.
     0 | D:1      | Reached XP level 1. HP: 14/14 MP: 3/3
   142 | D:1      | Reached XP level 2. HP: 16/20 MP: 1/5
   962 | D:1      | Reached XP level 3. HP: 26/26 MP: 4/6
   967 | D:1      | Learned a level 3 spell: Frozen Ramparts
  1460 | D:2      | Reached skill level 5 in Ice Magic
  1596 | D:2      | Noticed Natasha
  1602 | D:2      | Killed Natasha
  1602 | D:2      | Reached XP level 4. HP: 25/33 MP: 3/8
  1973 | D:2      | Found a blossoming altar of Fedhas.
  1993 | D:2      | Noticed Natasha
  2006 | D:2      | Killed Natasha
  2191 | D:2      | Noticed Natasha
  2214 | D:2      | Killed Natasha
  2214 | D:2      | Reached XP level 5. HP: 31/38 MP: 4/9
  2314 | D:3      | Noticed an ogre
  2328 | D:3      | Killed an ogre
  2328 | D:3      | Reached skill level 6 in Ice Magic
  2328 | D:3      | Reached XP level 6. HP: 38/45 MP: 0/11
  3264 | D:4      | Learned a level 4 spell: Hailstorm
  3293 | D:4      | Noticed a hippogriff
  3311 | D:4      | Killed a hippogriff
  3311 | D:4      | Reached skill level 1 in Fighting
  3311 | D:4      | Reached skill level 1 in Short Blades
  3311 | D:4      | Reached skill level 7 in Ice Magic
  3311 | D:4      | Your scales start taking on a golden yellow colour.
  3311 | D:4      | Reached XP level 7. HP: 7/52 MP: 9/13
  3311 | D:4      | Gained mutation: You are resistant to acid. (rCorr) [Yellow
                  | Draconian growth]
  3477 | D:4      | Learned a level 4 spell: Summon Ice Beast
  3477 | D:4      | HP: 1/52 [something (10)]
  3478 | D:4      | Slain by a phantom

Illustrated notes

Levels and vault maps discovered:
D:1:      ncdulo_wetmaze, layout_loops_ring, hangedman_glass_teeth
D:2:      layout_basic, fedhas_altar_2, uniq_natasha
D:3:      layout_rooms, glass_columns_b, corexii_leaking_fountain
D:4:      layout_rooms, gammafunk_ghost_stat_death, minmay_gold_behind_fungi

Skill      XL: |  1  2  3  4  5  6 |
---------------+-------------------+-----
Stealth        | 2 |  2.2
Ice Magic      | 5 6 7 |  7.1
Spellcasting   | 3 4 |  4.5
Dodging        | 2 |  2.3
Fighting       | 1 |  1.1
Short Blades   | 1 |  1.3

Action                   |  1- 3 |  4- 6 |  7- 9 || total
-------------------------+-------+-------+-------++-------
Melee: Unarmed           |     3 |       |       ||     3
       Dagger            |       |    49 |    14 ||    63
       Tailslap          |       |     5 |     1 ||     6
 Cast: Freeze            |    52 |    43 |     2 ||    97
       Frozen Ramparts   |     1 |     9 |       ||    10
  Use: Scroll            |     4 |     3 |       ||     7
       Potion            |     3 |     2 |     2 ||     7
  Eat: Chunk             |     1 |       |       ||     1
       Ration            |     2 |     2 |       ||     4
Armor: Skin              |    11 |    30 |     3 ||    44
Dodge: Dodged            |    22 |    41 |     7 ||    70
